 Dungeon Crawl Stone Soup version 0.15.2 (webtiles) character file.

9445 Huymann the Thaumaturge (level 11, 0/63 HPs)
             Began as a Deep Elf Wizard on Feb 6, 2015.
             Was a Believer of Vehumet.
             Slain by Heini's ghost (26 damage)
             ... on Level 11 of the Dungeon.
             The game lasted 02:07:58 (15407 turns).

Huymann the Thaumaturge (Deep Elf Wizard)          Turns: 15407, Time: 02:08:04

HP   0/63        AC  8     Str  7      XL: 11   Next: 23%
MP  22/31        EV 15     Int 24      God: Vehumet [**....]
Gold 456         SH  4     Dex 13      Spells:  9 memorised,  4 levels left

rFire  . . .     SeeInvis .     D - +4 trident (protect)
rCold  . . .     Clarity  +     S - +0 robe {MR+}
rNeg   . . .     rCorr    .     H - +0 buckler
rPois  .         rRot     .     b - +0 hat
rElec  .         Spirit   .     (no cloak)
SustAb .         Warding  .     r - +0 pair of gloves
rMut   .         Stasis   .     (no boots)
Gourm  .                        e - amulet of clarity
MR     +++..                    B - ring of protection from magic
                                Q - ring of teleport control

@: repel missiles, extremely resistant to hostile enchantments, stealthy
A: no striking features
a: Renounce Religion, Evoke Teleport Control


You were on level 11 of the Dungeon.
You worshipped Vehumet.
Vehumet was pleased with you.
You were not hungry.

You visited 2 branches of the dungeon, and saw 12 of its levels.
You also visited: Bailey.

You collected 628 gold pieces.
You spent 172 gold pieces at shops.

Inventory:

Hand weapons
 i - a +1 dagger of venom
 k - a +1 short sword of speed
 A - a +2 dagger of protection
 D - a +4 trident of protection (weapon)
Missiles
 o - 16 poisoned needles
 y - 15 tomahawks of returning (quivered)
 N - 4 needles of confusion
 R - 2 poisoned javelins
Armour
 a - a +0 robe
 b - a +0 hat (worn)
 r - a +0 pair of gloves (worn)
 v - a +1 robe
 x - a +0 leather armour of cold resistance
 C - a +0 helmet
 G - a +0 pair of gloves
 H - a +0 buckler (worn)
 S - a +0 robe of magic resistance (worn)
Magical devices
 s - a wand of cold (3)
 z - a wand of fire (6)
 E - a wand of disintegration (17)
Comestibles
 d - 11 bread rations
 j - 2 royal jellies
 l - 7 meat rations
 M - 4 rotting chunks of centaur flesh
Scrolls
 m - 3 scrolls of remove curse
 t - a scroll of fog
 J - 2 scrolls of identify
 P - a scroll of teleportation
Jewellery
 e - an amulet of clarity (around neck)
 h - an uncursed ring of flight
 q - an uncursed amulet of resist mutation
 u - a +1 ring of strength
 B - a ring of protection from magic (right hand)
 Q - a ring of teleport control (left hand)
Potions
 f - 2 potions of curing
 g - 2 potions of flight
 n - a potion of cancellation
 w - a potion of brilliance
 F - a potion of resistance
 K - a potion of haste {unknown}
 L - 2 potions of berserk rage {unknown}
 O - a potion of heal wounds {unknown}
 T - 2 potions of might
Books
 c - a book of Minor Magic

   Spells                             Type                      Level
   *Magic Dart                        Conjuration                  1
   *Blink                             Translocation                2
   *Call Imp                          Summoning                    2
   *Repel Missiles                    Charms/Air                   2
   *Slow                              Hexes                        2
   *Conjure Flame                     Conjuration/Fire             3
   *Mephitic Cloud                    Conjuration/Poison/Air       3
 p - a book of Power

   Spells                             Type                      Level
   *Fulminant Prism                   Conjuration/Hexes            4
   Iskenderun's Mystic Blast          Conjuration                  4
   *Venom Bolt                        Conjuration/Poison           5
   Bolt of Magma                      Conjuration/Fire/Earth       5
   Iron Shot                          Conjuration/Earth            6
   Orb of Destruction                 Conjuration                  7
Magical staves
 I - an uncursed staff of fire


   Skills:
 * Level 5.1 Fighting
 + Level 1.9 Short Blades
 + Level 1.3 Polearms
 + Level 2.2 Throwing
 * Level 7.3 Dodging
 * Level 9.1 Stealth
 * Level 3.1 Shields
 + Level 9.3 Spellcasting
 * Level 7.1 Conjurations
 * Level 5.0 Hexes
 * Level 1.3 Charms
 + Level 6.2 Summonings
 + Level 3.2 Translocations
 + Level 1.3 Fire Magic
 + Level 2.3 Air Magic
 + Level 3.4 Poison Magic
 + Level 1.3 Evocations


You had 4 spell levels left.
You knew the following spells:

 Your Spells              Type           Power        Failure   Level  Hunger
a - Magic Dart            Conj           ####         1%          1    None
b - Blink                 Tloc           N/A          1%          2    None
c - Call Imp              Summ           #####...     1%          2    None
d - Conjure Flame         Conj/Fire      ####....     2%          3    None
e - Mephitic Cloud        Conj/Pois/Air  ####....     2%          3    None
f - Slow                  Hex            #####...     1%          2    None
g - Fulminant Prism       Conj/Hex       #####.....   6%          4    ##.....
h - Venom Bolt            Conj/Pois      #####.....   21%         5    ####...
i - Repel Missiles        Chrm/Air       ###...       4%          2    None


Dungeon Overview and Level Annotations

Branches:
Dungeon (11/15)            Temple (1/1) D:5             Orc (0/4) D:9
   Lair: D:8-11

Altars:
Ashenzari
Cheibriados
Dithmenos
Elyvilon
Fedhas
Kikubaaqudgha
Makhleb
Nemelex Xobeh
Okawaru
Qazlal
Sif Muna
Trog
Vehumet
Xom
Yredelemnul
Zin
The Shining One

Shops:
D:11 *

Annotations:
D:4 kroki's ghost, average MfSu
D:11 Heini's ghost, powerful MiFi


Message History

The green rat is moderately wounded.
The green rat barely misses you.
Heini's ghost is engulfed in roaring flames.
Attack whom?
Press: ? - help, Dir - move target cursor, f/p - Heini's ghost
Aim: Heini's ghost (flame, moderately damaged)
You reach to attack!
You hit Heini's ghost but do no damage.
Heini's ghost is moderately damaged.
The green rat bites you.
Heini's ghost is engulfed in roaring flames.
Attack whom?
Press: ? - help, Dir - move target cursor, f/p - Heini's ghost
Aim: Heini's ghost (flame, moderately damaged)
The green rat is in the way.
You puncture the green rat!
You kill the green rat!
Vehumet accepts your kill.
You feel your power returning.
Heini's ghost is engulfed in roaring flames.
Heini's ghost hits you!!
You die...

......[...##.#........#
(.........##..........#
.........####5.......#
#####'### #.....5..# #.#
##.####### #.# #..# #.#
##ยง# ##<# #W# #..# #@#
######'### ####.#######
#........# #..........#
(........####..........#
#.(......'.............#
#.>......####..........#
########## ############


You could see Heini's ghost and a friendly crimson imp.

Vanquished Creatures
  The ghost of Arvee the Hoplite, an experienced TrMo of Okawaru (D:8)
  The ghost of Heini the Basher, an experienced MiFi of Okawaru (D:9)
  A centaur warrior (D:10)
  An orc knight (D:7)
  2 cyclopes
  A centaur zombie (D:6)
  2 two-headed ogres
  6 yaks (D:10)
  2 deep elf magi (D:9)
  A wolf (D:9)
  A hippogriff (D:8)
  A spriggan (D:7)
  A water moccasin (D:10)
  3 wargs (D:9)
  A black bear (D:9)
  4 ice beasts
  A sky beast (D:7)
  2 orc warriors
  3 ogres
  2 centaurs (D:10)
  A big kobold (D:10)
  A gnoll sergeant (D:6)
  4 giant frogs
  4 scorpions
  7 killer bees
  A yak zombie (D:9)
  6 wights
  3 crimson imps
  2 goliath beetles (D:7)
  An elf skeleton (D:10)
  An orc priest (D:9)
  6 hounds
  A jelly (D:7)
  3 iguanas
  A two-headed ogre skeleton (D:10)
  8 orc wizards
  6 worker ants
  A sky beast zombie (D:6)
  Ijyb (D:2)
  8 gnolls
  6 adders
  2 giant mites
  A green rat (D:11)
  2 shadow imps
  A white imp (D:9)
  An ufetubus (D:9)
  An orc skeleton (D:6)
  4 giant geckos
  An ooze (D:1)
  23 orcs
  12 bats
  5 giant cockroaches
  13 goblins
  13 hobgoblins
  2 jackals (D:5)
  28 kobolds
  3 quokkas (D:5)
  2 ball pythons
  A ball python zombie (D:5)
  3 giant newts
  A giant newt zombie (D:5)
  2 giant spores (D:10)
  A kobold skeleton (D:5)
  18 rats
  3 ballistomycetes (D:10)
  A plant (D:1)
253 creatures vanquished.

Vanquished Creatures (collateral kills)
  An orc warrior (D:10)
  A centaur (D:8)
  A goliath beetle (D:5)
  4 crimson imps
  2 orc wizards
  An orc priest (D:8)
  A gnoll shaman (D:4)
  4 gnolls
  2 giant mites
  3 worms
  4 orcs
  2 bats
  A goblin (D:5)
  A jackal skeleton (D:5)
  A rat (D:6)
29 creatures vanquished.

Vanquished Creatures (others)
  A killer bee (D:7)
  8 crimson imps
  An iron imp (D:9)
  11 fulminant prisms
  2 shadow imps
  4 white imps
27 creatures vanquished.

Grand Total: 309 creatures vanquished

Notes
Turn   | Place    | Note
--------------------------------------------------------------
     0 | D:1      | Huymann, the Deep Elf Wizard, began the quest for the Orb.
     0 | D:1      | Reached XP level 1. HP: 10/10 MP: 6/6
   317 | D:1      | Reached XP level 2. HP: 15/15 MP: 0/9
  1311 | D:1      | Reached XP level 3. HP: 20/20 MP: 9/13
  1571 | D:1      | Learned a level 2 spell: Blink
  1574 | D:1      | Learned a level 2 spell: Call Imp
  1578 | D:1      | Learned a level 3 spell: Conjure Flame
  1582 | D:1      | Learned a level 3 spell: Mephitic Cloud
  1583 | D:2      | Found a shimmering altar of Xom.
  1699 | D:2      | Noticed Ijyb
  1728 | D:2      | Killed Ijyb
  1728 | D:2      | Reached skill level 1 in Fighting
  2240 | D:2      | Reached XP level 4. HP: 25/25 MP: 12/16
  3574 | D:3      | Reached skill level 5 in Spellcasting
  3592 | D:3      | Found a glowing silver altar of Zin.
  3769 | D:4      | Reached XP level 5. HP: 29/29 MP: 8/19
  3895 | D:3      | Learned a level 2 spell: Slow
  4377 | D:4      | Noticed kroki's ghost (average MfSu)
  4411 | D:4      | Reached skill level 1 in Poison Magic
  4431 | D:4      | Reached XP level 6. HP: 9/35 MP: 2/21
  4805 | D:5      | Entered Level 5 of the Dungeon
  5485 | D:5      | Reached skill level 6 in Spellcasting
  5495 | D:5      | Reached XP level 7. HP: 40/40 MP: 17/24
  5686 | D:5      | Found a staircase to the Ecumenical Temple.
  5694 | Temple   | Entered the Ecumenical Temple
  6127 | D:5      | Reached skill level 1 in Short Blades
  6977 | D:6      | Reached skill level 5 in Stealth
  7265 | D:6      | Noticed a centaur zombie
  7306 | D:6      | Killed a centaur zombie
  7306 | D:6      | Reached XP level 8. HP: 3/45 MP: 13/25
  8379 | D:7      | Reached skill level 5 in Dodging
  8380 | D:7      | Reached skill level 1 in Air Magic
  8597 | D:7      | Found a flagged portal.
  8598 | D:7      | Noticed a two-headed ogre
  8606 | D:7      | Killed a two-headed ogre
  8606 | D:7      | Reached skill level 7 in Spellcasting
  8645 | D:7      | Reached skill level 5 in Conjurations
  8763 | Bailey   | Entered a bailey
  8919 | Bailey   | Noticed an orc knight
  9416 | D:7      | Reached XP level 9. HP: 51/51 MP: 28/28
  9926 | D:7      | Killed an orc knight
  9926 | D:7      | Reached skill level 1 in Throwing
 10095 | D:7      | Reached skill level 8 in Spellcasting
 10481 | D:8      | Noticed Arvee's ghost (experienced TrMo)
 10529 | D:8      | Killed Arvee's ghost
 10529 | D:8      | Reached skill level 1 in Shields
 10529 | D:8      | Reached skill level 1 in Hexes
 10529 | D:8      | Reached skill level 5 in Summonings
 10529 | D:8      | Reached skill level 1 in Evocations
 10731 | D:8      | Found a radiant altar of Vehumet.
 10754 | D:8      | Became a worshipper of Vehumet
 10982 | D:8      | Learned a level 4 spell: Fulminant Prism
 10988 | D:8      | Learned a level 5 spell: Venom Bolt
 11238 | D:8      | Reached XP level 10. HP: 42/57 MP: 18/30
 11537 | D:8      | Noticed a cyclops
 11544 | D:8      | Learned a level 2 spell: Repel Missiles
 11561 | D:8      | Killed a cyclops
 12227 | D:9      | Found a staircase to the Orcish Mines.
 12247 | D:9      | Reached skill level 1 in Fire Magic
 12429 | D:9      | Reached skill level 1 in Polearms
 12612 | D:9      | Acquired Vehumet's first power
 12612 | D:9      | Offered knowledge of Shock by Vehumet.
 12904 | D:9      | Found a sparkling altar of Nemelex Xobeh.
 13194 | D:9      | Found a snail-covered altar of Cheibriados.
 13238 | D:9      | Noticed Heini's ghost (experienced MiFi)
 13316 | D:9      | Killed Heini's ghost
 13718 | D:10     | Entered Level 10 of the Dungeon
 13720 | D:10     | Reached skill level 9 in Spellcasting
 14160 | D:10     | Reached skill level 5 in Fighting
 14222 | D:10     | Reached XP level 11. HP: 36/63 MP: 14/31
 14677 | D:10     | Offered knowledge of Searing Ray by Vehumet.
 15024 | D:10     | Noticed a centaur warrior
 15048 | D:10     | Killed a centaur warrior
 15134 | D:11     | Found Luixzic's General Store.
 15139 | D:11     | Bought a +0 robe of magic resistance for 84 gold pieces
 15139 | D:11     | Bought a scroll of remove curse for 33 gold pieces
 15139 | D:11     | Bought 2 potions of might for 55 gold pieces
 15208 | D:11     | Reached skill level 5 in Hexes
 15208 | D:11     | Reached skill level 1 in Charms
 15373 | D:11     | Noticed Heini's ghost (powerful MiFi)
 15407 | D:11     | Slain by Heini's ghost

Action                   |  1- 3 |  4- 6 |  7- 9 | 10-12 || total
-------------------------+-------+-------+-------+-------++-------
Melee: Short sword       |   146 |    67 |    50 |    16 ||   279
       Dagger            |       |    27 |    91 |    83 ||   201
       Trident           |       |       |    36 |   185 ||   221
Throw: Javelin           |       |     9 |    17 |     2 ||    28
       Tomahawk          |       |       |    12 |    36 ||    48
 Cast: Magic Dart        |    63 |    45 |    61 |    25 ||   194
       Call Imp          |     6 |    29 |    19 |    15 ||    69
       Mephitic Cloud    |       |    21 |    43 |    35 ||    99
       Blink             |       |     5 |    15 |    16 ||    36
       Conjure Flame     |       |     4 |    24 |    35 ||    63
       Fulminant Prism   |       |       |     1 |    10 ||    11
       Repel Missiles    |       |       |       |     3 ||     3
       Venom Bolt        |       |       |       |     2 ||     2
 Abil: Evoke Teleport Co |       |       |       |     1 ||     1
Evoke: Wand              |       |     1 |     5 |     1 ||     7
  Use: Scroll            |     7 |     3 |     6 |     3 ||    19
       Potion            |       |       |     2 |       ||     2
 Stab: Sleeping          |     2 |     3 |     8 |     4 ||    17
       Confused          |       |     6 |    10 |     8 ||    24
       Distracted        |       |     1 |     2 |     1 ||     4
  Eat: Chunk             |     4 |    12 |     8 |    12 ||    36
       Pizza             |       |       |     2 |       ||     2
       Beef jerky        |       |       |     1 |       ||     1
       Fruit             |       |       |     6 |       ||     6
       Royal jelly       |       |       |       |     1 ||     1
